Map: Odyssey LE

Players

MicroAngelo - Winner!

  • Race: Zerg Zerg
  • League: Master
  • Spawn Location: 11:00

ksht

  • Race: Terran Terran
  • League: Gold
  • Spawn Location: 5:00

VOD

Have the link to the VOD?

Description

Winter mass roach build

Time

  • Played on: Dec. 31, 2017, 2:57 p.m.
  • Length: 11:29
Show
View Real Time Build Order
Export as new Build Order

MicroAngelo Zerg - Winner!

Build Orders: Hatch First 

Get SALT Encoding   

  12  0:01  Drone  
  13  0:13  Overlord  
  13  0:17  Drone  
  14  0:33  Drone x2  
  16  0:37  Drone  
  17  0:53  Hatchery  
  17  0:56  Drone  
  17  0:59  Drone  
  18  1:11  Extractor  
  17  1:13  Drone  
  17  1:18  Spawning Pool  
  17  1:22  Drone  
  18  1:31  Drone  
  19  1:41  Overlord  
  19  1:51  Drone  
  20  2:05  Queen  
  20  2:06  Queen  
  20  2:08  Zergling x4  
  26  2:13  Metabolic Boost  
  26  2:15  Drone  
  27  2:22  Drone x2  
  29  2:26  Drone  
  30  2:45  Drone x3  
  30  2:51  Overlord  
  33  3:02  Queen, Overlord  
  35  3:26  Overlord  
  35  3:38  Drone x3  
  35  3:39  Drone x2, Hatchery  
  35  3:41  Overlord  
  39  3:44  Queen  
  39  3:47  Drone x4  
  45  3:56  Drone  
  46  4:03  Overlord  
  46  4:06  Roach Warren  
  46  4:07  Extractor  
  44  4:13  Queen, Overlord  
  46  4:22  Extractor  
  46  4:23  Zergling x6  
  46  4:24  Zergling x4  
  50  4:25  Extractor  
  50  4:27  Overlord  
  50  4:29  Drone  
  52  4:37  Drone x2  
  52  4:45  Overlord  
  51  4:46  Drone  
  51  4:49  Evolution Chamber  
  51  4:51  Queen  
  53  4:55  Lair  
  53  4:56  Drone  
  53  4:57  Drone x2  
  56  5:02  Drone  
  56  5:04  Extractor  
  56  5:05  Extractor  
  55  5:09  Drone x2  
  55  5:13  Overlord  
  55  5:16  Drone  
  55  5:20  Hatchery  
  53  5:30  Drone x8  
  53  5:31  Drone, Overlord  
  53  5:34  Zerg Missile Weapons Level 1  
  61  5:45  Drone x4  
  65  5:52  Glial Reconstitution  
  65  6:03  Drone x2  
  65  6:04  Drone x2  
  69  6:05  Extractor  
  69  6:06  Drone x2  
  69  6:07  Drone  
  69  6:08  Drone x5  
  69  6:09  Drone x2  
  78  6:12  Drone  
  78  6:14  Extractor  
  78  6:29  Roach x4  
  78  6:30  Roach  
  78  6:31  Roach  
  90  6:42  Roach x2  
  90  6:43  Roach x2  
  102  6:47  Roach x4  
  102  6:53  Queen  
  102  6:54  Overlord x3  
  108  7:02  Roach x5  
  108  7:04  Evolution Chamber  
  108  7:05  Overlord  
  108  7:06  Roach x5  
  127  7:12  Roach  
  127  7:13  Roach x2  
  133  7:16  Roach x2  
  133  7:18  Roach  
  139  7:24  Roach x3  
  139  7:25  Roach  
  139  7:29  Roach x3  
  153  7:35  Roach x3, Spine Crawler  
  158  7:37  Spore Crawler  
  158  7:40  Roach  
  158  7:41  Overlord x2  
  158  7:43  Overlord  
  159  7:52  Overlord  
  159  8:07  Roach x3  
  159  8:09  Roach x2  
  159  8:11  Roach x6  
  159  8:12  Roach x4  
  189  8:22  Tunneling Claws, Burrow  
  189  8:43  Zerg Missile Weapons Level 2, Roach  
  189  8:45  Zerg Ground Armor Level 1  
  191  9:02  Overlord x4  
  191  9:03  Overlord  
  191  9:05  Overlord  
  191  9:16  Overlord  
  191  9:20  Overlord  
  191  9:29  Roach  
  191  9:30  Roach x3  
  199  9:52  Hatchery  
  198  9:53  Roach  
  200  10:11  Roach x60  
  196  10:49  Roach x50  
  196  10:54  Roach x18  
  196  11:06  Roach x7  
Show
View Real Time Build Order
Export as new Build Order

ksht Terran 

Build Orders: MMM Bio 

Get SALT Encoding   

  12  0:01  SCV  
  13  0:13  SCV  
  14  0:23  Supply Depot  
  14  0:25  SCV  
  15  0:44  SCV  
  15  0:46  Barracks  
  15  0:49  Refinery  
  16  0:56  SCV  
  17  1:08  SCV  
  18  1:20  SCV  
  19  1:33  SCV  
  19  1:36  Reaper  
  21  1:43  Command Center  
  22  1:54  Refinery  
  22  1:56  Orbital Command  
  21  2:21  Barracks Reactor  
  21  2:25  SCV  
  21  2:30  Factory  
  21  2:37  SCV  
  21  2:49  SCV  
  22  2:55  Supply Depot  
  22  2:57  Marine x2  
  24  3:01  SCV  
  24  3:04  Barracks  
  25  3:13  SCV  
  25  3:25  SCV  
  26  3:28  Hellion x2  
  30  3:35  Barracks Reactor  
  30  3:36  Starport  
  30  3:47  SCV  
  31  3:52  Barracks Tech Lab  
  31  3:56  Supply Depot  
  31  3:59  SCV  
  32  4:12  Orbital Command  
  32  4:14  Hellion x2  
  36  4:23  Barracks Reactor  
  36  4:30  Marine  
  37  4:32  Stimpack  
  37  4:35  SCV  
  36  4:42  Supply Depot  
  32  4:47  SCV  
  32  4:48  Marine  
  34  4:53  SCV  
  34  4:59  SCV  
  36  5:00  Marine, Medivac x2  
  36  5:01  Marine  
  36  5:02  Hellion x2  
  36  5:05  Marine  
  47  5:11  Bunker  
  41  5:18  Marine  
  41  5:27  SCV x2  
  42  5:33  Marine  
  42  5:34  Marine  
  44  5:36  Marine, Hellion  
  44  5:39  SCV x2  
  49  5:43  Supply Depot  
  49  5:51  SCV, Marine x2  
  49  5:54  Marine  
  53  6:01  Engineering Bay  
  53  6:02  SCV  
  54  6:05  SCV  
  54  6:09  Marine x2  
  57  6:12  Marine  
  57  6:14  SCV  
  57  6:17  SCV  
  60  6:26  SCV, Barracks  
  60  6:27  Marine  
  60  6:31  Terran Infantry Weapons Level 1  
  62  6:33  Missile Turret  
  62  6:40  Supply Depot  
  62  6:51  Supply Depot  
  62  6:53  Supply Depot  
  62  6:54  Refinery  
  62  6:58  Missile Turret  
  62  7:01  SCV x2, Marine x3, Medivac  
  69  7:19  Barracks Reactor, Marine x3  
  69  7:22  Barracks  
  72  7:23  Factory Tech Lab  
  72  7:34  Supply Depot  
  72  7:37  Marine x3  
  75  7:47  SCV  
  75  7:48  SCV  
  77  7:54  Refinery, Marine x3  
  77  7:56  Siege Tank  
  77  7:57  Marine  
  77  7:58  Marine  
  85  7:59  Combat Shields  
  85  8:00  SCV x2  
  87  8:12  Marine x2  
  87  8:13  Marauder  
  87  8:15  Marine x2  
  91  8:21  SCV  
  91  8:22  Marine x2  
  91  8:24  Medivac x2  
  91  8:27  Terran Infantry Armor Level 1  
  91  8:28  Siege Tank  
  94  8:41  Supply Depot x2  
  94  8:47  Marine x6, Marauder  
  102  9:03  Supply Depot x2  
  102  9:04  Marine x6, Command Center  
  102  9:09  Marauder  
  110  9:22  Marine x3  
  113  9:25  Marine  
  113  9:26  Marine x2  
  113  9:30  Supply Depot, Marauder  
  118  9:32  Bunker, Supply Depot  
  118  9:34  Supply Depot  
  118  9:40  Marine x3  
  118  9:43  Marine  
  122  9:47  Marine x2  
  122  9:51  Marine  
  125  9:57  Supply Depot  
  125  9:58  Marine x3  
  125  9:59  Armory  
  128  10:01  Marine  
  128  10:04  Marine  
  128  10:06  Supply Depot  
  130  10:08  Supply Depot  
  130  10:09  Marine  
  130  10:10  Engineering Bay, Marine, Supply Depot  
  132  10:16  Marine x3  
  132  10:19  Marine  
  136  10:22  Marine  
  136  10:27  Marine  
  136  10:28  Marauder  
  140  10:34  Marine  
  125  10:38  Marine x3  
  125  10:40  Marine  
  125  10:41  Medivac  
  121  10:49  Marauder  
Tags
 
Composition
MMM Bio
Matchup
TvZ
Spawn Locations
Cross Positions
Add a new tag
Caveats
  • Supply blocks, unpowered buildings, or Contaminate may cause inaccurate times.
  • Supply counts are checked every 10 seconds.